 Dungeon Crawl Stone Soup version 0.25.1-8-g42b30a86e7 (webtiles) character file.

Game seed: 15619911129800601842

97757 Clowwww the Severer (level 15, -13/120 HPs)
             Began as a Demonspawn Fighter on Dec 12, 2020.
             Was the Champion of Makhleb.
             Mangled by an azure jelly (30 damage)
             ... on level 2 of the Pits of Slime.
             The game lasted 01:11:14 (25534 turns).

Clowwww the Severer (Demonspawn Fighter)           Turns: 25534, Time: 01:11:14

Health: -13/120    AC: 22    Str: 23    XL:     15   Next: 72%
Magic:  0/20       EV: 11    Int: 10    God:    Makhleb [******]
Gold:   1048       SH: 14    Dex: 21    Spells: 14/14 levels left

rFire    . . .     SeeInvis .   G - +8 mithril axe "Arga" {speed, MR+}
rCold    . . .     Gourm    .   c - +1 kite shield
rNeg     . . .     Faith    .   D - +6 chain mail "Goodomm" {rCorr Dex+3}
rPois    .         Spirit   +   (helmet restricted)
rElec    .         Reflect  .   (no cloak)
rCorr    +         Harm     .   (gloves unavailable)
MR       ++...                  (no boots)
Stlth    ..........             l - amulet of guardian spirit
HPRegen  0.30/turn              q - +6 ring of dexterity
MPRegen  0.17/turn              o - +4 ring of protection

@: no status effects
A: claws 3, hooves 1, horns 2, blurry vision 1, demonic guardian 1, foul stench
1, rot immunity
a: Minor Destruction, Lesser Servant of Makhleb, Major Destruction, Greater
Servant of Makhleb, Renounce Religion


You were on level 2 of the Pits of Slime.
You worshipped Makhleb.
Makhleb was exalted by your worship.
You were not hungry.

You visited 4 branches of the dungeon, and saw 25 of its levels.
You also visited: Ice Cave.

You collected 1672 gold pieces.
You spent 624 gold pieces at shops.

Inventory:

Hand Weapons
 G - the +8 mithril axe "Arga" (weapon) {speed, MR+}
   (You acquired it on level 5 of the Dungeon)

   Attacks with this weapon are significantly faster.
   It affects your resistance to hostile enchantments.
Missiles
 m - 4 throwing nets
 u - 2 boomerangs (quivered)
 B - 18 javelins
Armour
 c - a +1 kite shield (worn)
 p - +0 fire dragon scales
 D - the +6 chain mail "Goodomm" (worn) {rCorr Dex+3}
   (You found it on level 8 of the Dungeon)

   It affects your dexterity (+3).
   It provides partial protection from all sources of acid and corrosion.
Jewellery
 l - an amulet of guardian spirit (around neck)
 o - a +4 ring of protection (right claw)
 q - a +6 ring of dexterity (left claw)
 F - an uncursed amulet of regeneration
 H - an uncursed ring of stealth
 I - a cursed ring of teleportation {unknown}
 L - an uncursed ring of resist corrosion
 P - an uncursed ring of flight
Wands
 h - a wand of digging (5)
 j - a wand of polymorph (10)
 r - a wand of enslavement (8)
 w - a wand of random effects (21)
 x - a wand of flame (12)
 E - a wand of disintegration (5)
 K - a wand of paralysis (6)
Scrolls
 a - a scroll of summoning
 g - 12 scrolls of remove curse
 i - 13 scrolls of teleportation
 s - 2 scrolls of blinking
 t - a scroll of enchant weapon
 y - 4 scrolls of magic mapping
 z - 4 scrolls of fear
 A - 4 scrolls of amnesia
 M - 2 scrolls of fog
 R - a scroll of brand weapon
Potions
 b - 3 potions of stabbing
 d - a potion of heal wounds
 e - 3 potions of flight
 k - 3 potions of haste
 n - 6 potions of curing
 v - a potion of brilliance
 C - 2 potions of invisibility
 N - a potion of might
Comestibles
 f - 37 rations


   Skills:
 + Level 11.8 Fighting
 + Level 16.4 Axes
 + Level 2.2 Throwing
 + Level 11.0 Armour
 + Level 5.1 Dodging
 + Level 4.9 Stealth
 + Level 10.4 Shields
 + Level 7.0 Invocations
 + Level 2.2 Evocations


You had 14 spell levels left.
You didn't know any spells.
Your spell library contained the following spells:

 Spells                   Type           Power        Failure   Level  Hunger
 Animate Skeleton         Necr           N/A          98%         1    ##.....
 Apportation              Tloc           #.....       98%         1    ##.....
 Beastly Appendage        Tmut           #.....       98%         1    ##.....
 Corona                   Hex            #......      98%         1    ##.....
 Foxfire                  Conj/Fire      #...         98%         1    ##.....
 Freeze                   Ice            #...         98%         1    ##.....
 Summon Small Mammal      Summ           #...         98%         1    ##.....
 Poisonous Vapours        Pois/Air       #.....       99%         2    ###....
 Sticks to Snakes         Tmut           #.......     99%         2    ###....
 Conjure Flame            Conj/Fire      #.......     100%        3    ####...
 Frozen Ramparts          Ice            #.....       100%        3    ####...
 Inner Flame              Hex/Fire       #.......     100%        3    ####...
 Mephitic Cloud           Conj/Pois/Air  #.......     100%        3    ####...
 Ozocubu's Armour         Chrm/Ice       #.......     100%        3    ####...
 Spider Form              Tmut/Pois      #.........   100%        3    ####...
 Cause Fear               Hex            #.........   100%        4    #####..
 Hailstorm                Conj/Ice       #.......     100%        4    #####..
 Ice Form                 Ice/Tmut       #.......     100%        4    #####..
 Sticky Flame             Conj/Fire      #.......     100%        4    #####..
 Summon Ice Beast         Ice/Summ       #.......     100%        4    #####..
 Blade Hands              Tmut           #.........   100%        5    ######.
 Fireball                 Conj/Fire      #.........   100%        5    ######.
 Silence                  Hex/Air        #.........   100%        5    ######.
 Yara's Violent Unravell  Hex/Tmut       #.........   100%        5    ######.
 Freezing Cloud           Conj/Ice/Air   #.........   100%        6    #######
 Ring of Flames           Chrm/Fire      #.........   100%        7    #######
 Discord                  Hex            #.........   100%        8    #######


Dungeon Overview and Level Annotations

Branches:
Dungeon (15/15)            Temple (1/1) D:4            Lair (6/6) D:11
 Shoals (0/4) Lair:3        Snake (0/4) Lair:3        Slime (3/5) Lair:5
    Orc (0/2) D:9          Vaults (0/5) D:13         Depths (0/5) D:15
  IceCv (visited)

Altars:
Ashenzari
Cheibriados
Dithmenos
Elyvilon
Fedhas
Gozag
Hepliaklqana
Kikubaaqudgha
Makhleb
Nemelex Xobeh
Okawaru
Qazlal
Ru
Sif Muna
Trog
Uskayaw
Vehumet
Wu Jian
Xom
Yredelemnul
Zin
The Shining One
Jiyva

Shops:
D:5 ?   D:10 %

Portals:
Abyss: Lair:6

Annotations:
D:6 exclusion: statue
D:8 1 runed translucent door, Quickbrownfox's ghost, novice OpTm
Lair:2 exclusion: ice statue


Innate Abilities, Weirdness & Mutations

You have claws for hands.
You have large cloven feet.
You have a pair of horns on your head.
A weak demonic guardian rushes to your aid.
You may emit foul miasma when damaged in melee.
You are immune to rotting.
Scrolls take you a little longer to read.


Message History

Really read with blurry vision while enemies are nearby? [Y]es or [N]o only, please.
Really read with blurry vision while enemies are nearby?
Okay, then.
Okay, then.
Okay, then.
Unknown command.
Press: ? - help, v - describe, . - travel
Here: an azure jelly (sick)
The floor.
You feel much better. The azure jelly hits you. The azure jelly freezes you!!!
* * * LOW HITPOINT WARNING * * *
You block the azure jelly's attack. x2
The azure jelly hits you but does no damage. x2
You block the azure jelly's attack.
The azure jelly hits you but does no damage. x2
The azure jelly barely misses you. The azure jelly hits you.
* * * LOW HITPOINT WARNING * * *
The azure jelly freezes you!!
You die...

##.....#.....#..##
##.#...###...#####
##......##.....#.### . ##
#...............#..#.. ##.#
####.....................
#...##.....................#..
#..#.....................##
#..........J.J..........##
##......^...@J.....#....#
##...#.##.JJ..#..####.##
##.......#.....#...# ###
#..................##
##...................#
#....#.#............##
#..........#.#.......##
##..##......#.#.......#
#######.......#.....##


You could see 2 azure jellies, a large slime creature and 2 slime creatures.

Vanquished Creatures
  Rupert (D:15)
  4 acid blobs
  An azure jelly (Slime:2)
  The ghost of barcode the Basher, a journeyman DgSk (Lair:6)
  An entropy weaver (shapeshifter) (D:15)
  Nessos (D:12)
  A fire dragon (D:13)
  Erolcha (D:13)
  An ice dragon (Lair:2)
  Harold (D:8)
  5 hydras
  Erica (D:9)
  A centaur warrior (D:15)
  An ogre mage (D:15)
  6 two-headed ogres
  A hell hog (Lair:6)
  The ghost of SirRappy the Severer, a novice MiBe of Trog (D:9)
  Urug (Lair:5)
  2 death yaks (Lair:2)
  A sixfirhy (Lair:6)
  A glowing orange brain (D:15)
  3 skeletal warriors (D:14)
  3 unseen horrors
  A wizard (D:15)
  Pikel (D:7)
  A deep troll (shapeshifter) (Lair:6)
  A wolf spider zombie (D:13)
  A shining eye (Slime:1)
  2 deep elf magi
  A wolf spider (D:15)
  2 cyclopes
  A manticore (D:14)
  8 ugly things
  9 elephants
  8 black mambas
  A gargoyle (D:14)
  A black mamba (shapeshifter) (D:15)
  11 spiny frogs
  4 centaur zombies
  Maurice (D:8)
  Maggie (D:7)
  2 torpor snails
  A freezing wraith (D:13)
  2 centaur skeletons
  4 rime drakes
  6 komodo dragons
  An efreet (D:15)
  6 yaktaurs (D:15)
  4 ice devils (IceCv)
  3 trolls
  3 polar bears
  A meliai (shapeshifter) (D:15)
  8 blink frogs
  Prince Ribbit (D:5)
  6 hornets (Lair:6)
  36 slime creatures
  7 hippogriffs
  A blink frog (shapeshifter) (D:15)
  3 shadows
  13 spriggans
  26 yaks
  A water elemental (D:14)
  3 wraiths
  A steam dragon (D:13)
  2 yaks (shapeshifter) (D:15)
  3 hungry ghosts
  A basilisk (Lair:6)
  4 nagas (Lair:3)
  10 porcupines
  18 water moccasins
  10 orc warriors
  15 ice beasts
  3 phantoms
  5 black bears (Lair:6)
  5 sky beasts
  19 wolves
  4 boggarts (Lair:6)
  An eye of draining (Slime:1)
  6 ogres
  16 centaurs
  11 crocodiles
  2 big kobolds
  16 bullfrogs
  A gnoll sergeant (D:9)
  4 scorpions
  9 killer bees
  5 wights (D:13)
  2 howler monkeys (D:14)
  9 electric eels
  3 crimson imps
  A quasit (D:10)
  8 hounds
  4 jellies
  9 orc priests
  16 orc wizards
  4 bullfrog skeletons
  A gnoll shaman (D:6)
  3 iguanas
  9 worker ants
  2 hound skeletons
  14 gnolls
  11 adders
  5 shadow imps
  3 white imps (Lair:2)
  An ooze (D:1)
  4 adder zombies
  3 worms (D:2)
  4 leopard geckos
  46 orcs
  A giant cockroach (D:2)
  7 goblins
  4 hobgoblins
  7 jackals
  11 kobolds
  3 quokkas
  A ball python (D:2)
  6 bats
  11 frilled lizards
  6 rats
  A fungus (Lair:5)
  4 plants
628 creatures vanquished.

Vanquished Creatures (collateral kills)
  An acid blob (Slime:1)
  A two-headed ogre (D:8)
  A harpy (shapeshifter) (D:15)
  2 ugly things (D:12)
  A manticore (D:10)
  A cyclops (D:14)
  A centaur skeleton (D:13)
  2 yaks (Lair:5)
  A basilisk (D:15)
  Grum (D:8)
  A water moccasin (Lair:5)
  A black bear (D:7)
  An ice beast (D:15)
  A sky beast (D:7)
  An orc warrior (D:9)
  2 centaurs
  A killer bee (D:8)
  A bullfrog zombie (D:6)
  An orc priest (D:9)
  An orc wizard (D:14)
  6 orcs
  A goblin (D:2)
  A hobgoblin (D:2)
  2 jackals (D:7)
  A rat (D:2)
34 creatures vanquished.

Vanquished Creatures (others)
  2 slaves (D:7)
  An adder (D:7)
  3 fungi
  4 plants
10 creatures vanquished.

Grand Total: 672 creatures vanquished

Notes
Turn   | Place    | Note
-------+----------+-------------------------------------------
     0 | D:1      | Clowwww the Demonspawn Fighter began the quest for the Orb.
     0 | D:1      | Reached XP level 1. HP: 18/18 MP: 1/1
   231 | D:1      | Gained mutation: A weak demonic guardian rushes to your
                  | aid. [demonic ancestry]
   231 | D:1      | Reached XP level 2. HP: 14/24 MP: 2/2
   805 | D:2      | Gained mutation: You have a pair of small horns on your
                  | head. [demonic ancestry]
   805 | D:2      | Reached XP level 3. HP: 27/29 MP: 3/3
   904 | D:2      | Reached skill level 2 in Axes
  1563 | D:3      | Reached XP level 4. HP: 33/35 MP: 2/4
  1840 | D:3      | Reached XP level 5. HP: 33/42 MP: 3/5
  2722 | D:4      | Reached skill level 3 in Axes
  2786 | D:4      | Found a staircase to the Ecumenical Temple.
  2823 | Temple   | Entered the Ecumenical Temple
  2876 | Temple   | Became a worshipper of Makhleb the Destroyer
  3195 | D:4      | Reached XP level 6. HP: 48/48 MP: 6/6
  3667 | D:5      | Entered Level 5 of the Dungeon
  3708 | D:5      | Noticed Prince Ribbit
  3708 | D:5      | You fall into a shaft and drop 3 floors!
  3736 | D:8      | Noticed a +0 mace of chaos
  3737 | D:8      | Found a shimmering altar of Xom.
  3737 | D:8      | Noticed Quickbrownfox's ghost (novice OpTm)
  3738 | D:8      | Found a runed translucent door.
  3758 | D:8      | Noticed Harold
  3760 | D:8      | Noticed a hippogriff
  3780 | D:8      | Killed a hippogriff
  3780 | D:8      | Reached skill level 1 in Dodging
  3787 | D:8      | Killed Harold
  3787 | D:8      | Reached skill level 5 in Axes
  3787 | D:8      | Reached skill level 5 in Armour
  3787 | D:8      | Gained mutation: You have large cloven feet. [demonic
                  | ancestry]
  3787 | D:8      | Reached XP level 7. HP: 40/55 MP: 3/7
  3787 | D:8      | Gained mutation: You are immune to rotting. [demonic
                  | ancestry]
  3787 | D:8      | Reached XP level 8. HP: 44/61 MP: 3/8
  3885 | D:8      | Noticed a two-headed ogre
  3891 | D:8      | Killed a two-headed ogre
  3891 | D:8      | Reached skill level 5 in Fighting
  3891 | D:8      | Reached skill level 6 in Axes
  3891 | D:8      | Reached skill level 5 in Shields
  4075 | D:8      | Found a shadowy altar of Dithmenos.
  4189 | D:7      | Noticed Maggie
  4206 | D:7      | Killed Maggie
  4206 | D:7      | Reached skill level 7 in Axes
  4206 | D:7      | Gained mutation: You have sharp fingernails. [demonic
                  | ancestry]
  4206 | D:7      | Reached XP level 9. HP: 57/68 MP: 9/9
  4207 | D:7      | Noticed Pikel
  4221 | D:7      | Killed Pikel
  4221 | D:7      | Reached skill level 1 in Stealth
  4676 | D:7      | Reached skill level 8 in Axes
  4684 | D:7      | Reached * piety under Makhleb
  5147 | D:5      | Found Cigiovib's Magic Scroll Shoppe.
  5183 | D:5      | Killed Prince Ribbit
  5740 | D:6      | Gained mutation: You have very sharp fingernails. [demonic
                  | ancestry]
  5740 | D:6      | Reached XP level 10. HP: 58/76 MP: 7/10
  5938 | D:6      | Found a radiant altar of Vehumet.
  6014 | D:6      | Reached ** piety under Makhleb
  6890 | D:8      | Reached skill level 9 in Axes
  7049 | D:8      | Got a smelly chain mail
  7060 | D:8      | Identified the +6 chain mail "Goodomm" {rCorr Dex+3} (You
                  | found it on level 8 of the Dungeon)
  7385 | D:8      | Noticed Grum
  7397 | D:8      | Killed Grum
  7733 | D:8      | Noticed Maurice
  7795 | D:8      | Killed Maurice
  8180 | D:9      | Reached *** piety under Makhleb
  8493 | D:9      | Found a staircase to the Orcish Mines.
  8587 | D:9      | Noticed Erica
  8625 | D:9      | Killed Erica
  8625 | D:9      | Reached skill level 10 in Axes
  8939 | D:9      | Noticed a two-headed ogre
  8948 | D:9      | Killed a two-headed ogre
  8948 | D:9      | Reached XP level 11. HP: 64/84 MP: 7/11
  9102 | D:9      | Found a runed translucent door.
  9103 | D:9      | Noticed SirRappy's ghost (novice MiBe)
  9125 | D:9      | Killed SirRappy's ghost
  9380 | D:10     | Entered Level 10 of the Dungeon
  9546 | D:10     | Found Wixiyjon's Food Shoppe.
 10617 | D:11     | Noticed an eight-headed hydra
 10636 | D:12     | Noticed a brown ugly thing
 10654 | D:12     | Killed a brown ugly thing
 10799 | D:12     | Noticed Nessos
 10800 | D:12     | Noticed a white ugly thing
 10820 | D:12     | Killed a white ugly thing
 10820 | D:12     | Reached skill level 1 in Evocations
 11240 | D:12     | Noticed a brown ugly thing
 11253 | D:12     | Killed a brown ugly thing
 11464 | D:12     | Reached **** piety under Makhleb
 11466 | D:12     | Noticed a red ugly thing
 11475 | D:12     | Killed a red ugly thing
 11848 | D:12     | Killed Nessos
 11848 | D:12     | Reached skill level 11 in Axes
 12303 | D:13     | Noticed Erolcha
 12323 | D:13     | Killed Erolcha
 12341 | D:13     | Killed an unseen horror
 12531 | D:13     | Reached XP level 12. HP: 89/93 MP: 12/12
 12639 | D:13     | Noticed a two-headed ogre
 12648 | D:13     | Killed a two-headed ogre
 12680 | D:13     | Noticed a two-headed ogre
 12686 | D:13     | Killed a two-headed ogre
 13029 | D:13     | Noticed a fire dragon
 13066 | D:13     | Killed a fire dragon
 13066 | D:13     | Reached skill level 12 in Axes
 13280 | D:13     | Found a gate to the Vaults.
 13728 | D:11     | Killed a 12-headed hydra
 13873 | D:11     | Found a staircase to the Lair.
 14361 | D:11     | You fall into a shaft and drop 2 floors!
 14574 | D:5      | Bought a scroll of acquirement for 624 gold pieces
 14577 | D:5      | Acquired the +8 mithril axe "Arga" {speed, MR+}
 14578 | D:5      | Found the +8 mithril axe "Arga" {speed, MR+}
 14866 | D:14     | Reached ***** piety under Makhleb
 15030 | D:14     | Reached skill level 1 in Invocations
 15068 | D:14     | Got a dazzling lajatang
 15725 | D:14     | Got a fine flail
 15758 | D:14     | Gained mutation: You have a pair of horns on your head.
                  | [demonic ancestry]
 15758 | D:14     | Reached XP level 13. HP: 98/101 MP: 11/15
 16344 | D:15     | Entered Level 15 of the Dungeon
 16374 | D:15     | Paralysed by a wizard for 6 turns
 16388 | D:15     | Reached skill level 13 in Axes
 16561 | D:15     | Reached skill level 5 in Invocations
 16686 | D:15     | Noticed Rupert
 16705 | D:15     | Killed Rupert
 16768 | D:15     | Found a frozen archway.
 16779 | D:15     | Reached skill level 10 in Fighting
 16800 | IceCv    | Entered an ice cave
 17031 | D:15     | Noticed an entropy weaver
 17040 | D:15     | Killed an entropy weaver
 17040 | D:15     | Reached skill level 14 in Axes
 17052 | D:15     | Found a staircase to the Depths.
 17374 | Lair:1   | Entered Level 1 of the Lair of Beasts
 17554 | Lair:1   | Gained mutation: You may emit foul miasma when damaged in
                  | melee. [demonic ancestry]
 17554 | Lair:1   | Reached XP level 14. HP: 110/110 MP: 19/19
 17603 | Lair:1   | Reached skill level 10 in Armour
 18403 | Lair:2   | Reached ****** piety under Makhleb
 19735 | Lair:3   | Found a staircase to the Snake Pit.
 20038 | Lair:3   | Found a shattered altar of Ashenzari.
 20118 | Lair:3   | Found a staircase to the Shoals.
 21334 | Lair:4   | Reached skill level 15 in Axes
 21935 | Lair:5   | Reached skill level 10 in Shields
 22331 | Lair:5   | Found a viscous altar of Jiyva.
 22331 | Lair:5   | Found a staircase to the Slime Pits.
 22332 | Lair:5   | Noticed Urug
 22345 | Lair:5   | Killed Urug
 22494 | Lair:5   | Got a pair of pitted gloves
 22511 | Lair:5   | Identified the +1 pair of gloves of Higiuheynn {Str+3
                  | Stlth+} (You found it on level 5 of the Lair of Beasts)
 22848 | Lair:6   | Entered Level 6 of the Lair of Beasts
 23057 | Lair:6   | Gained mutation: You have claws for hands. [demonic
                  | ancestry]
 23057 | Lair:6   | Reached XP level 15. HP: 118/118 MP: 20/20
 23125 | Lair:6   | Reached skill level 5 in Dodging
 23417 | Lair:6   | Found a transporter.
 23417 | Lair:6   | Found a one-way gate to the infinite horrors of the Abyss.
 23417 | Lair:6   | Noticed barcode's ghost (journeyman DgSk)
 23423 | Lair:6   | Identified the +4 rapier of Laceration {distort, *Drain rC+
                  | rN+ SInv}
 23457 | Lair:6   | Found a transporter.
 23531 | Lair:6   | Killed barcode's ghost
 23820 | Lair:6   | Got polished steam dragon scales
 23821 | Lair:6   | Identified the cursed +1 steam dragon scales of Privacy
                  | {rF+ rC+ MR-} (You found it on level 6 of the Lair of
                  | Beasts)
 24076 | Slime:1  | Entered Level 1 of the Pits of Slime
 24083 | Slime:1  | Noticed an acid blob
 24098 | Slime:1  | Killed an acid blob
 24199 | Slime:1  | Gained mutation: Scrolls take you a little longer to read.
                  | [a shining eye]
 24206 | Slime:1  | Reached skill level 1 in Throwing
 24269 | Slime:1  | Noticed an acid blob
 24281 | Slime:1  | Killed an acid blob
 24441 | Slime:1  | Noticed an acid blob
 24449 | Slime:1  | Killed an acid blob
 24449 | Slime:1  | Reached skill level 16 in Axes
 25112 | Slime:2  | Noticed an azure jelly
 25127 | Slime:2  | Killed an azure jelly
 25326 | Slime:2  | Noticed an acid blob
 25338 | Slime:2  | Killed an acid blob
 25503 | Slime:3  | Noticed an acid blob
 25512 | Slime:3  | Noticed an azure jelly
 25523 | Slime:2  | Killed an acid blob
 25531 | Slime:3  | Noticed an azure jelly
 25534 | Slime:2  | Mangled by an azure jelly

Illustrated notes

Levels and vault maps discovered:
D:1:      zelgadis_glass_arrival_small, layout_loops_cross, serial_park_tiny_2,
          minmay_misc_feat_columns
D:2:      layout_rooms, first_ration
D:3:      layout_basic
D:4:      layout_layer_cave, minmay_temple_entry_water_ring
D:5:      layout_basic, serial_curves, eino_curves_01, eino_curves_02,
          serial_shops, shop, kennysheep_generic_room_3, uniq_prince_ribbit1
D:6:      layout_cave_pools, vehumet_statue, kennysheep_generic_room_6
D:7:      layout_layer_cave, minmay_fractal_squares_diagonal_5, uniq_pikel,
          uniq_maggie
D:8:      layout_gridville, ebering_ghost_xom, basic_altar, the_bakery,
          uniq_harold, uniq_grum, uniq_maurice
D:9:      layout_basic, david_orc_4, gammafunk_ghost_grave,
          minmay_misc_feat_doors, uniq_erica
D:10:     layout_loops_corners, serial_rivers, chequers_serial_rivers_large_a,
          chequers_serial_rivers_marsh, chequers_serial_rivers_small_a,
          chequers_serial_rivers_marsh, serial_shops, shop,
          hangedman_decor_growths, hangedman_decor_slide_cut
D:11:     layout_gridville, grunt_lair_entry_orc_guard_hut, patterned_corridor
D:12:     layout_grid_maze, uniq_nessos
D:13:     layout_irregular_city, david_vaults_4, uniq_erolcha
D:14:     layout_basic, nrook_uturn
D:15:     gammafunk_enter_depths_forms, layout_rooms,
          portal_ice_cave_entry_ice_beasts, roderic_filled_cross, uniq_rupert
Temple:   kilobyte_greek_temple
Lair:1:   layout_cave_pods
Lair:2:   layout_roguey, ice2_lemuel, serial_bayou_shore_a, grunt_megastairs_4,
          serial_bayou_shore_b, infiniplex_staircase_pool_2,
          serial_bayou_shore_b
Lair:3:   layout_gridlike, elwin_shoals_entry_rocks,
          minmay_snake_entry_guardpost_small, basic_altar, st_stairs_11
Lair:4:   beast_lair_carwin_large_3, layout_concentric_octagons, serial_bayou,
          serial_bayou_lake_a, serial_bayou_crossing, serial_bayou_shore_b,
          serial_bayou_ford_a, serial_bayou_pond_e, serial_bayou_lagoon_b,
          chequers_serial_rivers_room_b, minmay_stone_trees_medium
Lair:5:   layout_loops_ring, dpeg_slime_entry_enclosed_altar,
          grunt_megastairs_3, uniq_urug
Lair:6:   minmay_lair_end_enchanted_forest, layout_long_grid,
          gammafunk_ghost_abyssal_escape
Slime:1:  cheibrodos_slime_lost_civilization_9, layout_caves
Slime:2:  layout_caves, cheibrodos_slime_lost_civilization_5
Slime:3:  layout_caves

Skill      XL: |  1  2  3  4  5  6  7  8  9 10 11 12 13 14 15 |
---------------+----------------------------------------------+-----
Shields        | 3 4 5 6 8 9 10 | 10.4
Armour         | 3 5 6 7 8 9 10 11 | 11.0
Axes           | 2 3 5 7 8 10 11 12 14 15 16 | 16.4
Fighting       | 4 5 6 7 8 9 10 11 | 11.8
Dodging        | 1 2 3 4 5 |  5.1
Stealth        | 1 2 3 4 |  4.9
Evocations     | 1 2 |  2.2
Invocations    | 3 7 |  7.0
Throwing       | 2 |  2.2

Action                   |  1- 3 |  4- 6 |  7- 9 | 10-12 | 13-15 || total
-------------------------+-------+-------+-------+-------+-------++-------
Melee: War axe           |   127 |   123 |   139 |   567 |       ||   956
       Headbutt          |    13 |    30 |    30 |   191 |   267 ||   531
       Kick              |       |       |    59 |   322 |   423 ||   804
       Broad axe         |       |       |       |   119 |   888 ||  1007
Throw: Boomerang         |       |       |       |       |    47 ||    47
Invok: Lesser Servant of |       |       |       |       |     3 ||     3
Evoke: Wand              |       |       |       |     9 |    36 ||    45
  Use: Scroll            |       |     8 |     3 |    16 |     9 ||    36
       Potion            |       |     2 |     2 |     7 |     3 ||    14
 Stab: Distracted        |       |       |     1 |    11 |    10 ||    22
       Invisible         |       |       |       |       |     8 ||     8
  Eat: Chunk             |     2 |     6 |     8 |    27 |    18 ||    61
       Ration            |       |       |       |     2 |     5 ||     7
Armor: Scale mail        |    60 |    61 |    48 |    24 |       ||   193
       Chain mail        |       |       |       |   352 |   325 ||   677
Dodge: Dodged            |    36 |    40 |    37 |   197 |   243 ||   553
Block: Kite shield       |    70 |    74 |    61 |   432 |   473 ||  1110
